 Dungeon Crawl Stone Soup version 0.24.1-14-gf8d2b509d9 (webtiles) character file.

Game seed: 3089620875099781683, levelgen mode: deterministic

73 Chiseanne the Cleaver (level 4, -5/38 HPs)
             Began as a Gnoll Wanderer on May 26, 2020.
             Killed by divine providence
             ... invoked by an orc priest
              (9 damage)
             ... on level 3 of the Dungeon.
             The game lasted 00:02:22 (832 turns).

Chiseanne the Cleaver (Gnoll Wanderer)               Turns: 832, Time: 00:02:22

Health: -5/38      AC:  7    Str: 14    XL:     4   Next: 27%
Magic:  5/5        EV: 10    Int: 15    God:
Gold:   75         SH:  5    Dex: 15    Spells: 5/5 levels left

rFire    . . .     SeeInvis .   a - +2 hand axe
rCold    . . .     Gourm    .   c - +0 buckler
rNeg     . . .     Faith    .   b - +0 ring mail
rPois    .         Spirit   .   (no helmet)
rElec    .         Reflect  .   (no cloak)
rCorr    .         Harm     .   (no gloves)
MR       .....                  j - +0 pair of boots
Stlth    +.........             (no amulet)
HPRegen  0.12/turn              (no ring)
MPRegen  0.09/turn              (no ring)

@: flying
A: distributed training, fangs 1, strong nose
a: no special abilities


You were on level 3 of the Dungeon.
You were not hungry.

You visited 1 branch of the dungeon, and saw 3 of its levels.

You collected 75 gold pieces.

Inventory:

Hand Weapons
 a - a +2 hand axe (weapon)
 h - a +1 vampiric spear
Missiles
 g - 18 arrows
 i - 17 sling bullets
Armour
 b - a +0 ring mail (worn)
 c - a +0 buckler (worn)
 j - a +0 pair of boots (worn)
Jewellery
 k - a +2 ring of strength {unknown}
Scrolls
 e - 3 scrolls of remove curse {unknown}
 f - a scroll of identify {unknown}
Comestibles
 d - 6 rations


   Skills:
 + Level 4.6 Fighting
 + Level 1.0 Short Blades
 + Level 1.0 Long Blades
 + Level 8.5 Axes
 + Level 1.0 Maces & Flails
 + Level 1.0 Polearms
 + Level 1.0 Staves
 + Level 1.0 Slings
 + Level 1.0 Bows
 + Level 1.0 Crossbows
 + Level 2.7 Throwing
 + Level 4.6 Armour
 + Level 1.0 Dodging
 + Level 1.0 Stealth
 + Level 2.7 Shields
 + Level 1.0 Unarmed Combat
 + Level 1.0 Spellcasting
 + Level 0.8 Conjurations
 + Level 0.8 Hexes
 + Level 0.8 Charms
 + Level 0.8 Summonings
 + Level 0.8 Necromancy
 + Level 0.8 Translocations
 + Level 0.8 Transmutations
 + Level 0.8 Fire Magic
 + Level 0.8 Ice Magic
 + Level 0.8 Air Magic
 + Level 0.8 Earth Magic
 + Level 0.8 Poison Magic
 + Level 1.1 Invocations
 + Level 1.0 Evocations


You had 5 spell levels left.
You didn't know any spells.
Your spell library was empty.

Dungeon Overview and Level Annotations

Branches:
Dungeon (2/15)

Altars:
Fedhas


Innate Abilities, Weirdness & Mutations

Your experience applies equally to all skills.
You have very sharp teeth.
Your uncanny sense of smell can sniff out nearby items.


Message History

Beogh smites you! You block the orc's attack.
You hit the orc but do no damage. You bite the orc.
The orc is moderately wounded.
You hit the orc but do no damage.
The orc is moderately wounded.
The orc barely misses you.
The orc priest mumbles some strange prayers to Beogh against you.
Beogh smites you!
You hit the orc but do no damage.
The orc is moderately wounded.
The orc hits you but does no damage.
You barely miss the orc.
The orc is moderately wounded.
You block the orc's attack.
The orc priest calls down the wrath of Beogh upon you.
Beogh smites you!
* * * LOW HITPOINT WARNING * * *
The orc priest calls down the wrath of Beogh upon you.
Beogh smites you!
You die...

.. ._ ........... ..# .P.
#.......... ...
#...#............###+#.#
#..P#............. #.#.#
............... #.#.#
............# #.#.#
#..........#. #.#..
#@........#. #.#.#
#.........#.##....
∆#o....)...#.#....# .
#o........#.......
....#####.........##.....#
....oo.†o.........##.....#
##############....###.##.#
####.# #..#.# #.# ##.#.#


You could see 2 orc priests and an orc.

Vanquished Creatures
  Terence (D:1)
  An adder (D:2)
  2 oozes (D:3)
  A worm (D:1)
  A dart slug (D:1)
  3 bats (D:1)
  A giant cockroach (D:1)
  6 goblins
  3 hobgoblins (D:1)
  A frilled lizard (D:1)
  3 kobolds
  2 rats
25 creatures vanquished.

Notes
Turn   | Place    | Note
-------+----------+-------------------------------------------
     0 | D:1      | Chiseanne the Gnoll Wanderer began the quest for the Orb.
     0 | D:1      | Chiseanne set off with the following items: a +2 hand axe,
                  | a +0 ring mail, a +0 buckler, a ration
     0 | D:1      | Reached XP level 1. HP: 20/20 MP: 1/1
    88 | D:1      | Reached XP level 2. HP: 23/26 MP: 2/2
   375 | D:2      | Noticed Terence
   393 | D:1      | Killed Terence
   393 | D:1      | Reached skill level 1 in Invocations
   393 | D:1      | Reached XP level 3. HP: 22/31 MP: 2/4
   662 | D:2      | Reached skill level 1 in Short Blades
   662 | D:2      | Reached skill level 1 in Long Blades
   662 | D:2      | Reached skill level 1 in Maces & Flails
   662 | D:2      | Reached skill level 1 in Polearms
   662 | D:2      | Reached skill level 1 in Staves
   662 | D:2      | Reached skill level 1 in Slings
   662 | D:2      | Reached skill level 1 in Bows
   662 | D:2      | Reached skill level 1 in Crossbows
   662 | D:2      | Reached skill level 1 in Dodging
   662 | D:2      | Reached skill level 1 in Stealth
   662 | D:2      | Reached skill level 1 in Unarmed Combat
   662 | D:2      | Reached skill level 1 in Spellcasting
   662 | D:2      | Reached skill level 1 in Evocations
   662 | D:2      | Reached XP level 4. HP: 37/38 MP: 5/5
   686 | D:2      | You fall into a shaft and drop 1 floor!
   832 | D:3      | Found a blossoming altar of Fedhas.
   832 | D:3      | Killed from afar by an orc priest

Levels and vault maps discovered:
D:1:      lightli_arrival_chessboard, layout_rooms
D:2:      layout_rooms, nicolae_ashenzari_panopticon, first_ration, uniq_terence
D:3:      layout_basic, grunt_temple_overflow_growth_and_decay,
          gammafunk_temple_overflow_pools

Skill      XL: |  1  2  3 |
---------------+----------+-----
Invocations    | 1 |  1.1
Short Blades   | 1 |  1.0
Long Blades    | 1 |  1.0
Maces & Flails | 1 |  1.0
Polearms       | 1 |  1.0
Staves         | 1 |  1.0
Slings         | 1 |  1.0
Bows           | 1 |  1.0
Crossbows      | 1 |  1.0
Dodging        | 1 |  1.0
Stealth        | 1 |  1.0
Unarmed Combat | 1 |  1.0
Spellcasting   | 1 |  1.0
Evocations     | 1 |  1.0
Fighting       | |  4.6
Axes           | |  8.5
Throwing       | |  2.7
Armour         | |  4.6
Shields        | |  2.7
Conjurations   | |  0.8
Hexes          | |  0.8
Charms         | |  0.8
Summonings     | |  0.8
Necromancy     | |  0.8
Translocations | |  0.8
Transmutations | |  0.8
Fire Magic     | |  0.8
Ice Magic      | |  0.8
Air Magic      | |  0.8
Earth Magic    | |  0.8
Poison Magic   | |  0.8

Action                   |  1- 3 |  4- 6 || total
-------------------------+-------+-------++-------
Melee: Hand axe          |    54 |    21 ||    75
       Bite              |     3 |     3 ||     6
  Use: Potion            |     2 |     1 ||     3
Armor: Ring mail         |    17 |     4 ||    21
Dodge: Dodged            |    25 |     5 ||    30
Block: Buckler           |    14 |     6 ||    20
